 Dungeon Crawl Stone Soup version 0.23-a0-49-gd9f7a49 (webtiles) character file.

49 galech the Skirmisher (level 3, 0/40 HPs)
             Began as an Ogre Berserker on Aug 7, 2018.
             Was a Believer of Trog.
             Slain by Natasha (10 damage)
             ... on level 1 of the Dungeon.
             The game lasted 00:01:15 (808 turns).

galech the Skirmisher (Ogre Berserker)               Turns: 808, Time: 00:01:15

Health: 0/40       AC:  4    Str: 22    XL:     3   Next: 77%
Magic:  3/3        EV: 10    Int:  8    God:    Trog [**....]
Gold:   48         SH:  0    Dex:  8    Spells: 2/2 levels left

rFire    . . .     SeeInvis .   a - +0 mace
rCold    . . .     Gourm    .   (no shield)
rNeg     . . .     Faith    .   b - +0 animal skin
rPois    .         Spirit   .   (helmet restricted)
rElec    .         Reflect  .   e - +0 cloak (curse)
rCorr    .         Harm     .   (gloves unavailable)
MR       .....                  (boots unavailable)
Stlth    +.........             (no amulet)
HPRegen  0.13/turn              (no ring)
MPRegen  0.08/turn              (no ring)

@: berserk cooldown, slowed, very slow
A: large, unfitting armour, tough skin 1
a: Berserk, Trog's Hand, Renounce Religion


You were on level 1 of the Dungeon.
You worshipped Trog.
Trog was pleased with you.
You were hungry.

You visited 1 branch of the dungeon, and saw 2 of its levels.

You collected 48 gold pieces.

Inventory:

Hand Weapons
 a - a +0 mace (weapon)
Armour
 b - a +0 animal skin (worn)
 e - a cursed +0 cloak (worn)
Scrolls
 f - a scroll of amnesia {unknown}
 j - 2 scrolls of identify {unknown}
 k - a scroll of teleportation {unknown}
 l - a scroll of remove curse {unknown}
Potions
 g - a potion of flight {unknown}
 h - 2 potions of agility {unknown}
 i - a potion of haste {unknown}
 m - a potion of ambrosia {unknown}
 n - a potion of cancellation {unknown}
 o - a potion of curing {unknown}
Comestibles
 c - 2 rations


   Skills:
 + Level 4.6 Fighting
 + Level 3.4 Maces & Flails
 + Level 3.1 Dodging


You had 2 spell levels left.
You didn't know any spells.
Your spell library was empty.

Dungeon Overview and Level Annotations

Branches:
Dungeon (2/15)

Altars:

Annotations:
D:1 Natasha


Innate Abilities, Weirdness & Mutations

You are too large for most types of armour.
You have tough skin. (AC +1)


Message History

Natasha is moderately wounded.
Natasha mumbles some strange words.
Natasha shimmers violently.
Natasha stares at you and mumbles some strange words.
The magic dart hits you!
Natasha stares at you and mumbles some strange words.
You resist with some effort.
You barely miss Natasha.
Natasha is moderately wounded.
Natasha mumbles some strange words.
Natasha claws you but does no damage.
You barely miss Natasha.
Natasha is moderately wounded.
Natasha barely misses you. The crimson imp barely misses you.
Natasha claws you.
* * * LOW HITPOINT WARNING * * *
You closely miss Natasha.
Natasha is moderately wounded.
The crimson imp closely misses you. Natasha claws you!
You die...

....#
..##########################
.................##........#
#.##############..#........#
#.# ##.#........# #.#
#..........# #.# #####
##.........#
#.###...##########.........#
....'...'......h@5.........#
#.###...########.##.########
#.# #...# #.##.## #.# #...#
#.##..# #.# #...# #.##..##
#.###...########.##...#
.................##...##
#.##############.###...#
#.######## #...#.....##


You could see Natasha and a crimson imp.

Vanquished Creatures
  2 gnolls (D:2)
  A leopard gecko (D:1)
  2 giant cockroaches (D:1)
  3 goblins (D:1)
  5 hobgoblins (D:1)
  8 bats (D:1)
  A kobold (D:1)
  6 rats (D:1)
  A toadstool (D:1)
29 creatures vanquished.

Vanquished Creatures (others)
  3 toadstools (D:1)
3 creatures vanquished.

Grand Total: 32 creatures vanquished

Notes
Turn   | Place    | Note
-------+----------+-------------------------------------------
     0 | D:1      | galech the Ogre Berserker began the quest for the Orb.
     0 | D:1      | Reached XP level 1. HP: 24/24 MP: 1/1
    65 | D:1      | Reached XP level 2. HP: 27/32 MP: 2/2
   376 | D:1      | Reached ** piety under Trog
   449 | D:1      | Reached XP level 3. HP: 39/40 MP: 3/3
   790 | D:2      | Noticed Natasha
   808 | D:1      | Slain by Natasha

Vault maps used:
D:1:      ldierk_water_garden, minmay_misc_feat_roman
D:2:      minmay_door_square, uniq_natasha

Skill      XL: |  1  2 |
---------------+-------+-----
Maces & Flails | 3 |  3.4
Dodging        | 3 |  3.1
Fighting       | |  4.6

Action                   || total
-------------------------++-------
Melee: Mace              ||    83
Invok: Berserk           ||     1
Armor: Animal skin       ||    42
Dodge: Dodged            ||    43

Table legend:
 A = Spawn XP
 B = Non-spawn XP
 C = Spawn XP percentage of total XP
 D = Spawn monster count
 E = Non-spawn monster count
 F = Spawn count percentage of total count
 G = Total turns spent on level
                    A         B        C        D         E        F      G
               +---------+---------+-------+---------+---------+-------+---------
         Total |       0 |      71 |   0.0 |       0 |      28 |   0.0 |   808
               +---------+---------+-------+---------+---------+-------+---------
           D:1 |       0 |      43 |   0.0 |       0 |      26 |   0.0 |   792
           D:2 |       0 |      28 |   0.0 |       0 |       2 |   0.0 |    16
               +---------+---------+-------+---------+---------+-------+---------
